[Event "Live Chess"]
[Site "Chess.com"]
[Date "2024.06.01"]
[Round "-"]
[White "CheckThis4"]
[Black "McFim"]
[Result "1-0"]
[WhiteElo "2676"]
[BlackElo "1612"]
[TimeControl "300"]
[EndTime "14:33:29 PDT"]
[Termination "CheckThis4 won by resignation"]

1. d4 d5 2. Nc3 Nf6 3. e4 dxe4 4.
f3 exf3 5. Nxf3 Bf5 6. Ne5 c6 7. g4 Be6 8. g5 Nd5 9. Bg2 Nxc3 10. bxc3 Nd7 11. Nd3 g6 12. Nf4 Bf5 13. Rb1 Qc8 14. Qe2 e6 15. h4 Bg7 16. h5 Nb6 17. Ba3 Nd5 18. Bxd5 cxd5 19. Nxd5 a6 20. h6 Bf8 21.
Bxf8 Rxf8 22. Nf6+ Kd8 23. c4 Rh8 24. O-O Qc7 25. Rb3 Rc8 26. c5 Qc6 27. c4 Rc7 28.
Rb6 Qa4 29. Rf3 Kc8 30. Rfb3 Rd8 31. d5 exd5 32. Nxd5 Rxd5 33. cxd5 Qd4+ 34. Qe3 Qxe3+ 35. Rxe3 Rxc5 36. d6 Be6 37. Kf2 Rxg5 38. Rc3+ Kb8 39. Rc7 Bd5 40. Re7 Ka7 41. d7 Kxb6 42. d8=Q+ Kc5 43. Rc7+ Kb6 44. Qxg5 Kxc7 45. Qxd5 1-0

[Event "Live Chess"]
[Site "Chess.com"]
[Date "2024.06.01"]
[Round "-"]
[White "Stanbad1"]
[Black "degringolade64"]
[Result "1-0"]
[WhiteElo "2641"]
[BlackElo "2145"]
[TimeControl "300"]
[EndTime "14:33:31 PDT"]
[Termination "Stanbad1 won by checkmate"]

1. d4 Nf6 2. Nc3 d5 3. Bf4 e6 4. Nb5 Na6 5. e3 Be7 6. Nf3 O-O 7. h3 Bd7 8. Be2 Be8 9. O-O c6 10. Nc3 c5 11. Ne5 Nb8 12. Bf3 Nfd7 13. Ne2 Nxe5 14.
Bxe5 Nc6 15. Bh2 Qb6 16. Rb1 f6 17. c3 Bg6 18. Rc1 Qxb2 19. Nf4 Bf7 20. Rb1 Qxc3 21. Rxb7 cxd4 22. exd4 Bd6 23. Bg4 Bxf4 24. Bxf4 Qxd4 25. Qc1 Ne5 26. Rd1 Qc4 27. Qxc4 Nxc4 28. Re1 e5 29. Bc1 a5 30. h4 Rab8 31. Rc7 Rb1 32. Bf5 Ra1 33. Kf1 g6 34. Bd3 Rxa2 35. Bh6 Rd8 36. h5 e4 37. Be2 Ne5 38. hxg6 hxg6 39.
Be3 d4 40. Bf4 Re8 41. Bb5 Nd3 42. Bxe8 Bxe8 43. Rxe4 Rxf2+ 44. Kg1 Nxf4 45. Rxe8# 1-0

[Event "Live Chess"]
[Site "Chess.com"]
[Date "2024.06.01"]
[Round "-"]
[White "Queensandpawns"]
[Black "chessfiction"]
[Result "1-0"]
[WhiteElo "2372"]
[BlackElo "2369"]
[TimeControl "300"]
[EndTime "14:33:37 PDT"]
[Termination "Queensandpawns won by resignation"]

1. e4 c6 2. Ne2 d5 3. exd5 cxd5 4. Ng3 e5 5. d4 exd4 6. Qxd4 Nc6 7. Bb5 Nf6 8. O-O Be7 9. Nc3 O-O 10. Bxc6 bxc6 11. Re1 Re8 12. Bf4 Be6 13. Rad1 c5 14. Qd2 d4 15.
Nce4 Nd5 16. Nh5 Nxf4 17. Nxf4 Bf5 18. Ng3 Bg4 19. f3 Bd7 20. Nd5 Bd6 21. Ne4 Bc6 22.
c4 Bf8 23. Nf4 Qc7 24. Nd3 Bd7 25. Qg5 Be7 26. Qh5 g6 27. Qh6 Bf5 28. Ndxc5 Bxc5 29. Nf6+ 1-0

[Event "Live Chess"]
[Site "Chess.com"]
[Date "2024.06.01"]
[Round "-"]
[White "Crowded_House"]
[Black "ogpin"]
[Result "0-1"]
[WhiteElo "1732"]
[BlackElo "2195"]
[TimeControl "300"]
[EndTime "14:33:38 PDT"]
[Termination "ogpin won by resignation"]

1. d4 a5 2. Bg5 Ra6 3. e3 h6 4.
Bxa6 Nxa6 5. Bh4 g5 6. Bg3 Bg7 7. c3 b6 8. Nf3 Bb7 9. O-O Nf6 10. Nbd2 Qa8 11. Re1 h5 12. Be5 h4 13. Nxg5 h3 14.
Ngf3 d6 15. Bg3 hxg2 16. Kxg2 Ne4 17. Nxe4 Bxe4 18. c4 Qc8 19. Kf1 Qh3+ 20. Ke2 Qg4 21. Kd2 Bxf3 22. Qc2 Nb4 23. Qc3 c5 24. a3 cxd4 25.
exd4 Bxd4 26. Qc1 Qg5+ 27. Re3 Bxe3+ 28. fxe3 Nc6 29. Qc3 Rxh2+ 30. Bxh2 Qg2+ 31. Kc1 Qf1+ 32. Kc2 Qxa1 33. Qh8+ Kd7 34. Qh3+ Kc7 35. Qxf3 Qe1 36. Bg3 Qg1 37. Qf2 Qxf2+ 38. Bxf2 Ne5 39. b3 Ng4 40. Bg1 f5 41. Kd3 e5 42. Ke2 f4 43.
exf4 exf4 44. Kf3 Ne5+ 45. Kxf4 a4 46. Bd4 Ng6+ 47. Ke3 axb3 48. Kd3 Ne7 49. Kc3 Nc6 50. Kxb3 Nxd4+ 51. Kb4 Kc6 52. a4 Ne6 53. a5 bxa5+ 54. Kxa5 Kc5 55. Ka4 Kxc4 56. Ka3 d5 57. Kb2 d4 58. Kc2 d3+ 59. Kd2 Kd4 60. Kd1 Ke3 61. Ke1 Nd4 62. Kd1 Nb5 63. Ke1 Nc3 64. Kf1 d2 65. Kg2 d1=Q 66. Kh3 Qh5+ 0-1

[Event "Live Chess"]
[Site "Chess.com"]
[Date "2024.06.01"]
[Round "-"]
[White "Duke_of_Bebington"]
[Black "Cruiseylee78"]
[Result "1-0"]
[WhiteElo "1645"]
[BlackElo "1697"]
[TimeControl "300"]
[EndTime "14:33:43 PDT"]
[Termination "Duke_of_Bebington won by resignation"]

1. e4 c5 2. c3 d6 3. d4 cxd4 4. cxd4 Nd7 5. Nc3 e5 6. Be3 Ngf6 7. Bd3 Be7 8. Nge2 h6 9. O-O g5 10. Rc1 Nf8 11. Ng3 Ng6 12. dxe5 dxe5 13. Bb5+ Kf8 14. Qxd8+ Bxd8 15. Rfd1 Be7 16. Nd5 Nxd5 17. exd5 Nf4 18. d6 Bd8 19. d7 Bxd7 20. Rxd7 a6 21. Ba4 b5 22. Bb3 Ne6 23. Rcd1 Be7 24. Bxe6 fxe6 25. Ne4 Rg8 26. Bc5 Rg7 27. Bxe7+ Rxe7 28. Rxe7 Kxe7 29.
Nc5 Ra7 30. b4 a5 31. a3 a4 32. g3 e4 33. Nxe4 Rd7 34. Rxd7+ Kxd7 35. Nc5+ Kd6 36. Kf1 Kc6 37. Ke2 Kd6 38. Kd3 Kd5 39. f3 e5 40. Ne4 Kc6 41. Nc3 h5 42. Ke4 Kc7 43.
Nxb5+ Kc6 44. Nc3 Kd6 45. Nxa4 h4 46. g4 Ke6 47. h3 Ke7 48. Nc3 Ke6 49. a4 Kd6 50. b5 1-0

[Event "Live Chess"]
[Site "Chess.com"]
[Date "2024.06.01"]
[Round "-"]
[White "Delacorta"]
[Black "GrahamCuthbert"]
[Result "1/2-1/2"]
[WhiteElo "1570"]
[BlackElo "1021"]
[TimeControl "300"]
[EndTime "14:33:50 PDT"]
[Termination "Game drawn by repetition"]

1. d4 d5 2. Nf3 Nf6 3. e3 Bg4 4.
Be2 e6 5. Nbd2 c5 6. b3 cxd4 7. exd4 Nc6 8. Bb2 Bxf3 9. Nxf3 Be7 10. O-O O-O 11. Ne5 Nxe5 12. dxe5 Ne4 13. Bd3 Nc5 14.
Be2 Qc7 15. f4 Ne4 16. c4 dxc4 17. Bxc4 Rfd8 18. Qe2 Qb6+ 19. Kh1 Nd2 20. Rfd1 Nxc4 21. Qxc4 Rac8 22. Qe2 Qa5 23. Bd4 Bc5 24. Bxc5 Qxc5 25.
h3 h6 26. Qb2 Rxd1+ 27. Rxd1 Qe7 28. Rc1 Rxc1+ 29. Qxc1 f6 30. exf6 Qxf6 31. Qc8+ Kh7 32. Qc7 Qd4 33. Qe5 Qxe5 34. fxe5 Kg8 35. g4 Kf7 36. Kg2 Ke7 37. Kf3 Kd7 38. h4 Kc6 39. Ke4 g6 40. b4 b6 41. a4 a5 42. bxa5 bxa5 43. Kd4 Kb6 44. Kc4 Kc6 45. Kd4 Kb6 46. Kc4 Kc6 47. Kd4 1/2-1/2

[Event "Live Chess"]
[Site "Chess.com"]
[Date "2024.06.01"]
[Round "-"]
[White "RichardABates"]
[Black "peteopeteo"]
[Result "1-0"]
[WhiteElo "2232"]
[BlackElo "1574"]
[TimeControl "300"]
[EndTime "14:34:04 PDT"]
[Termination "RichardABates won by resignation"]

1. d4 f5 2. g3 Nf6 3. Bg2 d6 4. c4 g6 5. Nc3 e6 6. h4 Nbd7 7. h5 Bg7 8. hxg6 hxg6 9. Rxh8+ Bxh8 10. Bg5 Qe7 11. Nb5 Nb6 12. Rc1 a6 13. c5 axb5 14.
cxb6 c6 15. Qb3 Kd7 16. Nh3 Qf7 17. Nf4 Nd5 18. Nxd5 cxd5 19. Rc7+ Ke8 20. Rxf7 Kxf7 21. Qc3 Bd7 22. Qc7 Ke8 23. Qxd6 1-0

[Event "Live Chess"]
[Site "Chess.com"]
[Date "2024.06.01"]
[Round "-"]
[White "Mikhail_Golubev"]
[Black "blunderabit"]
[Result "1-0"]
[WhiteElo "2602"]
[BlackElo "1786"]
[TimeControl "300"]
[EndTime "14:34:13 PDT"]
[Termination "Mikhail_Golubev won on time"]

1. e4 c5 2. Nf3 d6 3. d4 cxd4 4. Nxd4 Nf6 5. Nc3 a6 6. g3 e5 7. Nde2 Be6 8. Bg2 Nbd7 9. a4 Be7 10. O-O O-O 11. h3 Qc7 12. Be3 Nb6 13. b3 Nbd7 14.
Nd5 Bxd5 15. exd5 a5 16. c4 b6 17. Nc3 Nc5 18. f4 Nfd7 19. Qc2 Bf6 20. f5 e4 21. Nb5 Qd8 22. Rad1 Ne5 23. Bxe4 Re8 24. Bf4 Nxe4 25. Qxe4 Ng6 26. Qd3 Nxf4 27. Rxf4 Be5 28. Rf3 Qg5 29. Nd4 Bxd4+ 30. Qxd4 Re2 31. Qxb6 Rae8 32.
Qd4 R8e4 33. Qd3 Qf6 34. c5 Qb2 35. cxd6 Rg2+ 36. Kf1 Rh2 37. Rd2 Rxd2 38. Qxe4 Rd1+ 39. Qe1 Rxe1+ 40. Kxe1 Qe5+ 41. Kd2 Qxd6 42. Re3 Qxd5+ 43. Rd3 Qa8 44. b4 axb4 45. Kc2 f6 46. Kb2 Qxa4 47. Rd7 1-0

[Event "Live Chess"]
[Site "Chess.com"]
[Date "2024.06.01"]
[Round "-"]
[White "AnotherOneBadPlayer"]
[Black "koekoekoe"]
[Result "1-0"]
[WhiteElo "2224"]
[BlackElo "2003"]
[TimeControl "300"]
[EndTime "14:34:37 PDT"]
[Termination "AnotherOneBadPlayer won by checkmate"]

1. Nf3 d5 2. b3 Nf6 3. Bb2 Bf5 4.
e3 e6 5. Be2 c5 6. O-O Nc6 7. d4 cxd4 8. Nxd4 Bg6 9. Nd2 Bc5 10.
N2f3 O-O 11. Qd2 Rc8 12. Nxc6 Rxc6 13. Rac1 Ne4 14. Qd1 Bb4 15. Qd4 Bc3 16. Bxc3 Nxc3 17. Bd3 Nxa2 18. Ra1 Nc3 19. Rxa7 Bxd3 20. Qxd3 Qb6 21.
Rfa1 Rfc8 22. Ra8 g6 23. h4 Ne4 24. c4 Nc5 25. Qd4 Qxb3 26. h5 Qxc4 27. Qf6 Ne4 28. Qe5 Rxa8 29. Rxa8+ Rc8 30. h6 Kf8 31. Rxc8+ Qxc8 32.
Qh8+ Ke7 33. Qxc8 b5 34. Qb7+ Kf6 35. Qxb5 Nd6 36. Qd7 Nf5 37. Qd8+ Ne7 38. g4 g5 39.
Qh8+ Kg6 40. Qg7# 1-0

[Event "Live Chess"]
[Site "Chess.com"]
[Date "2024.06.01"]
[Round "-"]
[White "WorcesterYork"]
[Black "ACM42"]
[Result "0-1"]
[WhiteElo "2477"]
[BlackElo "2185"]
[TimeControl "300"]
[EndTime "14:34:41 PDT"]
[Termination "ACM42 won by resignation"]

1. e4 e6 2. d4 d5 3. Nc3 Bb4 4.
e5 c5 5. dxc5 Nc6 6. Nf3 Bxc5 7.
Bd3 Nge7 8. O-O Ng6 9. Bxg6 hxg6 10. Re1 a6 11. a3 b5 12. Ne2 Qb6 13. Rf1 d4 14. b4 Be7 15. Bb2 Bb7 16. Nexd4 Rd8 17. Qe2 Nxd4 18. Nxd4 Rxd4 19. Bxd4 Qxd4 20. Rad1 Qb6 21.
Rd3 Bd5 22. Qe3 Qb7 23. f3 Bc4 24. Rfd1 Bxd3 25. Qxd3 O-O 0-1

[Event "Live Chess"]
[Site "Chess.com"]
[Date "2024.06.01"]
[Round "-"]
[White "Queensandpawns"]
[Black "Delacorta"]
[Result "1-0"]
[WhiteElo "2372"]
[BlackElo "1570"]
[TimeControl "300"]
[EndTime "14:34:49 PDT"]
[Termination "Queensandpawns won by resignation"]

1. e4 e6 2. c4 Bc5 3. d4 Bb4+ 4. Nc3 Ne7 5. e5 Ng6 6. h4 Nf4 7. Bxf4 O-O 8. Bd3 Bxc3+ 9. bxc3 a6 10. Qh5 g6 11.
Qh6 1-0

[Event "Live Chess"]
[Site "Chess.com"]
[Date "2024.06.01"]
[Round "-"]
[White "StoreySniper"]
[Black "Mangoalo"]
[Result "1-0"]
[WhiteElo "2529"]
[BlackElo "1067"]
[TimeControl "300"]
[EndTime "14:34:59 PDT"]
[Termination "StoreySniper won by resignation"]

1. e4 Nc6 2. Nf3 d5 3. exd5 Qxd5 4. Nc3 Qa5 5. Bb5 Bd7 6. a3 a6 7. b4 Qb6 8. Nd5 axb5 9. Nxb6 cxb6 10. Bb2 Nf6 11.
Qe2 e6 12. O-O Be7 13. Qxb5 Nd4 14. Qxb6 Nxf3+ 15. gxf3 O-O 16. Bxf6 Bxf6 17. Qxb7 Ba4 18. c4 Rab8 19. Qe4 Bxa1 20. Rxa1 f5 21. Qxe6+ Kh8 22. Qa6 Bd7 23. Qd6 Ba4 24. c5 Bb3 25. c6 Rbd8 26.
Qf4 Be6 27. c7 Rc8 28. Rc1 1-0

[Event "Live Chess"]
[Site "Chess.com"]
[Date "2024.06.01"]
[Round "-"]
[White "oscalik"]
[Black "LL220284LL"]
[Result "1-0"]
[WhiteElo "2340"]
[BlackElo "2531"]
[TimeControl "300"]
[EndTime "14:35:08 PDT"]
[Termination "oscalik won by resignation"]

1. e4 e6 2. d4 d5 3. Nd2 dxe4 4.
Nxe4 Bd7 5. Nf3 Bc6 6. Bd3 Nd7 7.
Bg5 Be7 8. h4 Ngf6 9. Qe2 Nxe4 10. Bxe4 Bxe4 11. Qxe4 c6 12. O-O-O h6 13. Bxe7 Qxe7 14.
Kb1 O-O-O 15. c3 Kb8 16. Qf4+ Ka8 17. h5 Rhe8 18. Rhe1 Nf6 19. Ne5 Qc7 20. g4 Re7 21. f3 Nd5 22. Qd2 Ree8 23. Rf1 f6 24. Nd3 e5 25.
dxe5 fxe5 26. Qf2 Nf4 27. Nxf4 exf4 28. Rd4 Qe5 29. Rfd1 Rxd4 30. Qxd4 Qxd4 31. Rxd4 a6 32. Rxf4 Re7 33. Kc2 Kb8 34. Kd3 Kc7 35. Re4 Rf7 36. f4 Kd6 37. Rd4+ Ke6 38. Ke4 Re7 39. Kf3 Kf6 40. Rd6+ Kf7 41. a4 a5 42. g5 hxg5 43. fxg5 Re5 44. Kf4 Re7 45. Kf5 Ke8 46. Re6 1-0

[Event "Live Chess"]
[Site "Chess.com"]
[Date "2024.06.01"]
[Round "-"]
[White "IgorSchukin"]
[Black "OSmith06"]
[Result "1-0"]
[WhiteElo "1699"]
[BlackElo "1791"]
[TimeControl "300"]
[EndTime "14:35:14 PDT"]
[Termination "IgorSchukin won by resignation"]

1. e4 c6 2. d4 d5 3. Nc3 dxe4 4.
Nxe4 Bf5 5. Ng3 Bg6 6. f4 e6 7. Nf3 Nf6 8. Bd3 Bxd3 9. Qxd3 Nbd7 10. O-O Bd6 11. f5 exf5 12. Re1+ Kf8 13. Nxf5 Qc7 14. Nxd6 Qxd6 15. Bg5 h6 16. Bh4 g6 17. Ne5 Kg7 18.
Nxd7 Nxd7 19. Rad1 Rhe8 20. Bg3 Qf6 21. Rxe8 Rxe8 22.
Re1 Rxe1+ 23. Bxe1 Qe6 24. Bg3 Qxa2 25. Qc3 Qd5 26. b3 c5 27. dxc5+ Kh7 28. b4 Qd1+ 29. Kf2 Qd5 30. h3 Qf5+ 31. Kg1 Nf6 32. Qe5 Qxe5 33. Bxe5 Nd5 34. b5 Ne3 35. c6 1-0

[Event "Live Chess"]
[Site "Chess.com"]
[Date "2024.06.01"]
[Round "-"]
[White "CarmelJane"]
[Black "upoe610"]
[Result "0-1"]
[WhiteElo "2082"]
[BlackElo "2234"]
[TimeControl "300"]
[EndTime "14:35:15 PDT"]
[Termination "upoe610 won by resignation"]

1. e4 e5 2. Nf3 Nc6 3. d4 exd4 4. Bc4 Nf6 5. e5 Ne4 6. O-O Be7 7. Bf4 O-O 8. Nxd4 d5 9. Nxc6 bxc6 10. Bd3 Bf5 11. f3 Bc5+ 12. Kh1 Nf2+ 13. Rxf2 Bxd3 14. Rd2 Bg6 15.
c4 d4 16. a3 a5 17. Nc3 Rb8 18. Ne2 d3 19. Nc3 Bd4 20. Qa4 c5 21. Qxa5 c6 22. Qa4 Rxb2 23. Rxb2 Bxc3 24. Rbb1 Bxa1 25. Rxa1 Qd4 0-1

[Event "Live Chess"]
[Site "Chess.com"]
[Date "2024.06.01"]
[Round "-"]
[White "bonantagulo"]
[Black "cymbalshift"]
[Result "1-0"]
[WhiteElo "2117"]
[BlackElo "1507"]
[TimeControl "300"]
[EndTime "14:35:30 PDT"]
[Termination "bonantagulo won by resignation"]

1. d4 Nf6 2. c4 e6 3. Nf3 c5 4. d5 exd5 5. cxd5 d6 6. Nc3 g6 7. e4 Bg7 8. Bb5+ Bd7 9. a4 O-O 10. O-O Bg4 11. Be2 a6 12. Nd2 Bxe2 13. Qxe2 Re8 14. Nc4 Qe7 15. Re1 Nbd7 16. Bf4 Ne5 17. Bxe5 dxe5 18. a5 Rad8 19. Na4 Nh5 20. d6 Qg5 21.
Nxc5 Nf4 22. Qf3 f5 23. g3 Nh3+ 24. Kg2 h5 25. Kxh3 h4 26. gxh4 1-0

[Event "Live Chess"]
[Site "Chess.com"]
[Date "2024.06.01"]
[Round "-"]
[White "gmnorfolk"]
[Black "kylet1990"]
[Result "1-0"]
[WhiteElo "2081"]
[BlackElo "734"]
[TimeControl "300"]
[EndTime "14:35:31 PDT"]
[Termination "gmnorfolk won by resignation"]

1. e4 c6 2. d4 d5 3. e5 Bf5 4. h4 e6 5. g4 Be4 6. f3 Bxc2 7.
Qxc2 f6 8. exf6 Nxf6 9. Be3 Bb4+ 10. Nc3 Na6 11. a3 Bxc3+ 12. Qxc3 O-O 13. Bd3 Nd7 14. Ne2 Rxf3 15. Bd2 c5 16. Bxh7+ Kxh7 17. Qxf3 Qb6 18. dxc5 Qxb2 19. Qd3+ Kh8 20. Bc3 1-0

[Event "Live Chess"]
[Site "Chess.com"]
[Date "2024.06.01"]
[Round "-"]
[White "KeithArkell"]
[Black "Frankie_Badacsonyi"]
[Result "0-1"]
[WhiteElo "2413"]
[BlackElo "2448"]
[TimeControl "300"]
[EndTime "14:36:16 PDT"]
[Termination "Frankie_Badacsonyi won by resignation"]

1. d4 Nf6 2. Nf3 e6 3. c4 d5 4. cxd5 exd5 5. Nc3 a6 6. Bg5 Be6 7. e3 Nbd7 8. Bd3 Bd6 9. Qc2 c6 10. O-O h6 11. Bh4 Qc7 12. Bg3 Bxg3 13. hxg3 Qd6 14.
b4 b5 15. a4 O-O 16. Qb3 Nb6 17. Ne5 Nc4 18. Bxc4 bxc4 19. Qa3 Rfb8 20. Rfb1 Rb7 21. a5 Rab8 22. f3 Nd7 23. Nxd7 Bxd7 24. Na4 Rxb4 25. Rxb4 Qxb4 26. Qxb4 Rxb4 27. Ra2 Kf8 28. Kf2 Ke7 29. Ke2 Kd6 30. g4 Bc8 31. Kd2 g5 32. Kc2 f5 33. gxf5 Bxf5+ 34. Kd2 Rb1 35. Rb2 Rxb2+ 36. Nxb2 c5 37. Kc3 Bd7 38. g3 h5 39. f4 h4 40. gxh4 gxh4 41. Nd1 h3 42.
Nf2 h2 43. e4 dxe4 44. dxc5+ Kd5 45. c6 Bxc6 46. f5 e3 0-1

[Event "Live Chess"]
[Site "Chess.com"]
[Date "2024.06.01"]
[Round "-"]
[White "SavagePawn7"]
[Black "KnightStripes"]
[Result "0-1"]
[WhiteElo "671"]
[BlackElo "903"]
[TimeControl "300"]
[EndTime "14:36:51 PDT"]
[Termination "KnightStripes won on time"]

1. e4 c6 2. d4 d5 3. Nc3 dxe4 4.
Bc4 Bf5 5. f3 exf3 6. Nxf3 e6 7.
O-O Nf6 8. Ne5 Bd6 9. Rxf5 exf5 10. Nxf7 Qe7 11. Nxh8 Qf8 12. Nf7 Nbd7 13. Nxd6+ Kd8 14. Nxb7+ Kc7 15. Nc5 Qd6 16. Qf1 Ng4 17. Bf4 Nde5 18. dxe5 Nxe5 19. Bxe5 Qxe5 20. Nd3 Qd4+ 21. Qf2 Qxc4 22.
Qxf5 Qd4+ 23. Qf2 Qb6 24. Kh1 Qa5 25. Qf7+ Kb6 26. Qf2+ Kb7 27. Qf7+ Kb6 28. Ne5 Qxe5 29. Na4+ Ka5 30. Qb3 Qb5 0-1

[Event "Live Chess"]
[Site "Chess.com"]
[Date "2024.06.01"]
[Round "-"]
[White "Plato_77"]
[Black "PughmanChess"]
[Result "0-1"]
[WhiteElo "1348"]
[BlackElo "1387"]
[TimeControl "300"]
[EndTime "14:36:59 PDT"]
[Termination "PughmanChess won by resignation"]

1. d4 f5 2. Bf4 Nf6 3. Nf3 e6 4.
e3 Be7 5. Bc4 O-O 6. O-O b5 7.
Bxb5 a6 8. Bd3 Bb7 9. Nbd2 d6 10. c3 Nbd7 11. Qb3 Bd5 12. c4 Bb7 13. Qxb7 Rb8 14. Qxa6 Rxb2 15. Rfb1 Rxb1+ 16. Rxb1 e5 17. dxe5 dxe5 18.
Qe6+ Kh8 19. Bxe5 Nxe5 20. Nxe5 Bd6 21. Nf7+ Rxf7 22. Qxf7 Bxh2+ 23. Kxh2 Qxd3 24. Qf8+ Ng8 25. Nf3 Qxb1 26. Ne5 h6 27. Nf7+ Kh7 28. Ne5 Qe4 29. f4 Nf6 30. Nf7 Qxe3 31. Qh8+ Kg6 32. Ne5+ Kh5 33.
Qa8 Qxf4+ 34. Kg1 Qxe5 35. Qf3+ Ng4 36. Qh3+ Kg6 0-1

[Event "Live Chess"]
[Site "Chess.com"]
[Date "2024.06.01"]
[Round "-"]
[White "Mangoalo"]
[Black "LL220284LL"]
[Result "0-1"]
[WhiteElo "1067"]
[BlackElo "2531"]
[TimeControl "300"]
[EndTime "14:36:59 PDT"]
[Termination "LL220284LL won by resignation"]

1. f4 d5 2. Nf3 Nh6 3. g3 g6 4. Bg2 Bg7 5. Nc3 O-O 6. d4 Nf5 7.
Bd2 e6 8. O-O b6 9. Re1 Bb7 10.
Bh3 Nxd4 11. Nxd4 Bxd4+ 12. Kg2 Bg7 13. f5 d4+ 14. Kf1 dxc3 15. Bxc3 Bxc3 16. bxc3 exf5 17. Qc1 Nc6 18. Bxf5 gxf5 19. Qg5+ Qxg5 0-1

[Event "Live Chess"]
[Site "Chess.com"]
[Date "2024.06.01"]
[Round "-"]
[White "AndyJWise"]
[Black "agamilewska"]
[Result "0-1"]
[WhiteElo "1045"]
[BlackElo "1764"]
[TimeControl "300"]
[EndTime "14:37:09 PDT"]
[Termination "agamilewska won by resignation"]

1. d4 d5 2. c4 e6 3. Nc3 Nf6 4.
Bg5 Be7 5. Nf3 dxc4 6. e4 h6 7. Bxf6 Bxf6 8. e5 Bg5 9. Bxc4 O-O 10. h4 Be7 11. g4 c5 12. g5 cxd4 13. gxh6 dxc3 14. Qc2 g6 15. h5 Kh7 16. hxg6+ fxg6 17. Bd3 Rxf3 18. Bxg6+ Kh8 19. Bh5 Qd2+ 20. Qxd2 cxd2+ 21. Kxd2 Rxf2+ 22. Ke3 Rf5 23. Bg6 Rxe5+ 24. Kf4 Rg5 25.
Rag1 Rxg1 26. Rxg1 Nc6 27. Be4 e5+ 28. Ke3 Bc5+ 29.
Kd3 Bxg1 0-1

[Event "Live Chess"]
[Site "Chess.com"]
[Date "2024.06.01"]
[Round "-"]
[White "dhairyapandyauk"]
[Black "booktrunk"]
[Result "0-1"]
[WhiteElo "1654"]
[BlackElo "1424"]
[TimeControl "300"]
[EndTime "14:37:14 PDT"]
[Termination "booktrunk won by resignation"]

1. e4 e6 2. d4 h6 3. f4 b6 4. Nf3 Bb7 5. Bd3 Nf6 6. Qe2 Be7 7.
c3 d6 8. Nbd2 Nbd7 9. b3 O-O 10.
Bb2 Re8 11. O-O Nf8 12. e5 dxe5 13. fxe5 Bxf3 14. Qxf3 N6h7 15. Qxf7+ Kh8 16. Bg6 Nxg6 17. Qxg6 Bg5 18. Ne4 Rf8 19. Rxf8+ Nxf8 20. Qf7 Be3+ 21. Kh1 Nh7 22. Rf1 Qh4 23. Ng3 Rf8 24. Qxe6 Rxf1+ 25. Nxf1 Qf2 26. Qe8+ Nf8 27. Qxf8+ Qxf8 28. Nxe3 Qf2 29. h3 Qxe3 30. c4 Qe2 31. Bc3 Qd3 32.
Bb4 Qxd4 33. e6 Qe5 34. e7 c5 35.
Bxc5 bxc5 0-1

[Event "Live Chess"]
[Site "Chess.com"]
[Date "2024.06.01"]
[Round "-"]
[White "lyricalschemes"]
[Black "ShanthamGrarks"]
[Result "1-0"]
[WhiteElo "2406"]
[BlackElo "1787"]
[TimeControl "300"]
[EndTime "14:37:25 PDT"]
[Termination "lyricalschemes won by resignation"]

1. e3 d6 2. e4 e5 3. Nf3 f5 4. exf5 Nf6 5. d4 Bxf5 6. dxe5 Ng4 7. Nc3 Nc6 8. Bb5 Be7 9. exd6 Bxd6 10. Qe2+ Kf7 11.
Bc4+ Kg6 12. O-O Re8 13. Qd1 Nce5 14. Nxe5+ Rxe5 15. Bd3 Nxh2 16. Bf4 Qh4 17. Bxh2 Bxd3 18. Qxd3+ Rf5 19. Bxd6 cxd6 20. Qg3+ Qg5 21. Qxg5+ Rxg5 22. Ne4 Rb5 23. b3 d5 24. Ng3 Rc8 25. Rac1 Ra5 26. a4 Rac5 27. Rfd1 Rxc2 28. Rxc2 Rxc2 29.
Rd4 Rc5 30. b4 Rc4 31. Rxc4 dxc4 32. Kf1 Kf6 33. Ke2 Ke5 34. Kd2 Kd4 35. Nf5+ Kd5 36. Nxg7 a6 37. Kc3 b5 38. axb5 axb5 39. Nf5 Ke5 40. Ne3 Ke4 41. Nxc4 bxc4 42. Kxc4 h5 43. b5 h4 44. b6 Kf4 45. b7 Kg4 46. b8=Q h3 47.
Qg3+ 1-0

[Event "Live Chess"]
[Site "Chess.com"]
[Date "2024.06.01"]
[Round "-"]
[White "Zhevzh1k7"]
[Black "crais6"]
[Result "0-1"]
[WhiteElo "1104"]
[BlackElo "1620"]
[TimeControl "300"]
[EndTime "14:37:35 PDT"]
[Termination "crais6 won by resignation"]

1. e4 c5 2. Nf3 Nc6 3. d4 cxd4 4. Nxd4 e5 5. Nxc6 bxc6 6. Nc3 Bb4 7. Bd2 Nf6 8. f3 Kf8 9. a3 Ba5 10. Bc4 h6 11. O-O d5 12. exd5 cxd5 13. Nxd5 Nxd5 14.
Bxa5 Qxa5 15. Qxd5 Qxd5 16. Bxd5 Rb8 17. b4 Ke7 18. c4 Rd8 19. Rfe1 f6 20. f4 Kd6 21.
fxe5+ fxe5 22. Re3 Bf5 23. Rae1 Re8 24. Bf7 Re7 25.
c5+ Kc7 26. Bc4 e4 27. Bd5 Rd8 28. Bxe4 Rde8 29. Bxf5 Rxe3 30. Rxe3 Rxe3 31. a4 Re5 32. Bd3 a5 33. b5 Rxc5 34. Kf2 Rc3 35. Ke3 Ra3 36.
Kd4 Rxa4+ 37. Bc4 Rb4 38. Kc5 Rb2 39. Bd3 a4 40. Be4 a3 41. Kc4 a2 42. Kc3 a1=Q 0-1

[Event "Live Chess"]
[Site "Chess.com"]
[Date "2024.06.01"]
[Round "-"]
[White "Dhaydon19"]
[Black "wadsy27"]
[Result "1-0"]
[WhiteElo "2683"]
[BlackElo "2540"]
[TimeControl "300"]
[EndTime "14:37:46 PDT"]
[Termination "Dhaydon19 won by resignation"]

1. d3 d5 2. Nf3 Nf6 3. g3 g6 4.
Bg2 Bg7 5. O-O O-O 6. c3 c5 7.
Nbd2 Nc6 8. Qc2 e5 9. e4 d4 10. Nb3 Qe7 11. a3 Rd8 12. cxd4 cxd4 13. Bd2 Bf8 14.
Rac1 Bg4 15. Na5 Rac8 16. Nxc6 Rxc6 17. Qb1 Rdc8 18. Rxc6 Rxc6 19. Rc1 Bxf3 20. Bxf3 Qc7 21. Rxc6 Qxc6 22. Bd1 Kg7 23. b4 b5 24. Kg2 Nd7 25.
Bb3 Nb6 26. f4 Bd6 27. Qf1 f5 28. fxe5 Bxe5 29. Bf4 Bxf4 30. Qxf4 Nd7 31. Kh3 fxe4 32. Qf7+ Kh6 33. Be6 e3 34. Bxd7 Qd6 35. Bg4 a6 36.
Kg2 Qc6+ 37. Bf3 Qc2+ 38. Kh3 Qc8+ 39. g4 Qb8 40. Qe7 Qf4 41. Kg2 g5 42. Qe4 Qf7 43.
Qc6+ Kg7 44. Qd6 Qa2+ 45. Kh3 Qf2 46. Qxd4+ Kf8 47. Qf6+ 1-0

[Event "Live Chess"]
[Site "Chess.com"]
[Date "2024.06.01"]
[Round "-"]
[White "JanMur7"]
[Black "DylanMeyer1"]
[Result "1-0"]
[WhiteElo "2291"]
[BlackElo "1708"]
[TimeControl "300"]
[EndTime "14:37:47 PDT"]
[Termination "JanMur7 won by resignation"]

1. c4 c5 2. Nc3 Nf6 3. g3 e6 4. Bg2 Be7 5. Nf3 O-O 6. O-O d5 7.
cxd5 exd5 8. d4 cxd4 9. Nxd4 Nc6 10. Be3 Be6 11. Nb3 a6 12. a4 Na5 13. Nxa5 Qxa5 14. Bd4 Rac8 15. e3 Rfd8 16. Qb3 Rd7 17. Bb6 Qb4 18. Qxb4 Bxb4 19. Rac1 Bxc3 20. Rxc3 Rxc3 21. bxc3 Ne4 22. Bd4 f6 23. Rb1 Kf7 24. Rb6 Rc7 25. h4 Nxc3 26. Bxc3 Rxc3 27. Rxb7+ Kg6 28. Rb6 Bc8 29. Bxd5 h5 30. Rc6 Rxc6 31. Bxc6 Kf5 32.
f4 g5 33. fxg5 fxg5 34. Kf2 gxh4 35. gxh4 Kg4 36. a5 Kxh4 37. Kf3 Kg5 38. Be4 Be6 39. Bb7 Bc4 40. Bc8 Bb5 41. Kg3 Bc4 42. Bd7 Bd3 43. Be6 Be4 44. Bc4 Bb7 45. Bd3 Bd5 46. Bxa6 Be4 47.
Bc8 Bd5 48. a6 Ba8 49. Bb7 Bxb7 50. axb7 Kf5 51. b8=Q 1-0

[Event "Live Chess"]
[Site "Chess.com"]
[Date "2024.06.01"]
[Round "-"]
[White "CCGoodKnightRookie"]
[Black "FlyingChessKestrel13"]
[Result "1-0"]
[WhiteElo "2384"]
[BlackElo "2060"]
[TimeControl "300"]
[EndTime "14:38:13 PDT"]
[Termination "CCGoodKnightRookie won by resignation"]

1. d4 d5 2. Nc3 Nf6 3. Bf4 c6 4. e3 Bf5 5. Nf3 e6 6. Ne5 Bd6 7. g4 Bg6 8. h4 h5 9. Nxg6 fxg6 10. Bd3 Nxg4 11. Bxg6+ Kd7 12. Bxd6 Kxd6 13. Qf3 Qf6 14.
Qg3+ Kd7 15. Bd3 Rf8 16. Nd1 Na6 17. c3 Nc7 18. Be2 Nh6 19. Bxh5 Nf5 20. Qg5 Qxg5 21. hxg5 Rh8 22. b3 g6 23. Bf3 Nh4 24. Rh3 Raf8 25.
Ke2 Nxf3 26. Rxf3 Rxf3 27. Kxf3 Rh5 28. Kg4 Ne8 29. Nb2 Rh2 30. Nd3 Ke7 31. Kg3 Rh5 32.
f4 Nd6 33. Ne5 Ne4+ 34. Kg2 Kd6 35. Nxg6 Nxg5 36. Ne5 Ne4 37. c4 Rh7 38. c5+ Kc7 39. Ng4 Rg7 40. Kf3 Nd2+ 41. Ke2 Rxg4 42. Kxd2 Rg2+ 43. Kd3 b6 44. cxb6+ axb6 45. b4 Kd6 46.
a4 Rg7 47. a5 bxa5 48. bxa5 Ra7 49. a6 c5 50. dxc5+ Kxc5 51. e4 Kd6 52. Kd4 dxe4 53. Kxe4 Ke7 54. Ke5 Kf7 55. Kd6 Ke8 56. Kxe6 Re7+ 57.
Kd5 Rd7+ 58. Kc6 1-0